 Dungeon Crawl Stone Soup version 0.25-a0-598-gc9c9e4cfe1 (webtiles) character file.

Game seed: 13095700572919635714, levelgen mode: deterministic

443 tilp the Cleaver (level 7, 0/58 HPs)
             Began as a Hill Orc Monk on Mar 15, 2020.
             Succumbed to a gnoll's poison
             ... on level 4 of the Dungeon.
             The game lasted 00:08:58 (4091 turns).

tilp the Cleaver (Hill Orc Monk)                    Turns: 4091, Time: 00:08:59

Health: 0/58       AC:  6    Str: 16    XL:     7   Next: 2%
Magic:  7/7        EV: 10    Int: 10    God:
Gold:   201        SH:  0    Dex: 13    Spells: 6/6 levels left

rFire    . . .     SeeInvis .   a - +0 war axe
rCold    . . .     Gourm    .   (no shield)
rNeg     . . .     Faith    .   d - +0 scale mail (curse)
rPois    .         Spirit   .   (no helmet)
rElec    .         Reflect  .   (no cloak)
rCorr    .         Harm     .   (no gloves)
MR       .....                  (no boots)
Stlth    ..........             (no amulet)
HPRegen  0.19/turn              (no ring)
MPRegen  0.10/turn              (no ring)

@: lethally poisoned (0 -> -38)
A: no striking features
a: no special abilities


You were on level 4 of the Dungeon.
You were not hungry.

You visited 1 branch of the dungeon, and saw 4 of its levels.
You also visited: Sewer.

You collected 271 gold pieces.
You spent 70 gold pieces at shops.

Inventory:

Hand Weapons
 a - a +0 war axe (weapon)
 q - a +2 dagger of electrocution
Missiles
 f - 2 atropa-tipped darts
 j - 44 sling bullets
 k - 185 stones (quivered)
 s - 2 throwing nets
 w - 8 boomerangs
Armour
 d - a cursed +0 scale mail (worn)
 g - a +1 ring mail of positive energy
Jewellery
 l - an uncursed ring of flight {unknown}
 p - a cursed ring of attention {unknown}
 t - an uncursed ring of poison resistance {unknown}
Wands
 e - a wand of scattershot (6)
Scrolls
 h - a scroll of remove curse {unknown}
 i - a scroll of noise {unknown}
 n - a scroll of fog {unknown}
 v - a scroll of immolation {unknown}
Potions
 b - a potion of berserk rage {unknown}
 m - a potion of mutation {unknown}
 u - a potion of flight {unknown}
Comestibles
 c - 9 rations
 o - 2 chunks of flesh


   Skills:
 + Level 3.8 Fighting
 + Level 9.8 Axes
 + Level 0.6 Armour
 + Level 2.5 Dodging
 - Level 1.5 Stealth


You had 6 spell levels left.
You didn't know any spells.
Your spell library was empty.

Dungeon Overview and Level Annotations

Branches:
Dungeon (4/15)              Sewer (visited)
 Temple: D:4-7

Altars:
Elyvilon
Qazlal
Ru
Sif Muna
Trog
Xom

Shops:
D:4 !


Message History

You are more poisoned.
You slash the gnoll!
The gnoll is heavily wounded.
You feel sick.
You barely miss the gnoll.
The gnoll is heavily wounded.
You feel sick.
The gnoll hits you with a +2 halberd of venom!
* * * LOW HITPOINT WARNING * * *
You are more poisoned.
You barely miss the gnoll.
The gnoll is heavily wounded.
* * * LOW HITPOINT WARNING * * *
You feel sick.
The gnoll hits you with a +2 halberd of venom.
* * * LOW HITPOINT WARNING * * *
You are more poisoned.
You barely miss the gnoll.
The gnoll is heavily wounded.
You die...

#.#....###....#
#.#...##y##...#
#.#....###....#
#.#...........#
#.##.........#
#..##.......##
##..####)####
##...##.#
###.g@.# ######


You could see a moth of wrath and a gnoll.

Vanquished Creatures
  Purgy (Sewer)
  A howler monkey (D:4)
  An orc wizard (D:3)
  Natasha (thrice) (D:2)
  A hound skeleton (D:4)
  3 gnolls (D:4)
  3 adders (D:3)
  A river rat (D:3)
  2 oozes
  3 worms (D:4)
  2 leopard geckos
  10 orcs (D:3)
  12 bats
  2 giant cockroaches
  7 goblins
  8 hobgoblins
  15 jackals
  2 quokkas
  A ball python (D:1)
  11 frilled lizards
  5 kobolds
  10 rats
104 creatures vanquished.

Notes
Turn   | Place    | Note
-------+----------+-------------------------------------------
     0 | D:1      | tilp the Hill Orc Monk began the quest for the Orb.
     0 | D:1      | Reached XP level 1. HP: 19/19 MP: 1/1
   212 | D:1      | Reached XP level 2. HP: 24/26 MP: 2/2
   329 | D:1      | Reached skill level 5 in Axes
   420 | D:1      | Reached XP level 3. HP: 13/31 MP: 3/3
  1127 | D:2      | Found a sacrificial altar of Ru.
  1188 | D:2      | Found a white marble altar of Elyvilon.
  1289 | D:2      | Found a shimmering altar of Xom.
  1407 | D:2      | Found a faded altar of an unknown god.
  1414 | D:2      | Reached skill level 6 in Axes
  1440 | D:2      | Noticed Natasha
  1448 | D:2      | Killed Natasha
  1448 | D:2      | Reached XP level 4. HP: 20/39 MP: 4/4
  1625 | D:2      | Noticed Natasha
  1629 | D:2      | Found a shimmering blue altar of Sif Muna.
  1642 | D:2      | Killed Natasha
  1642 | D:2      | Reached skill level 7 in Axes
  1877 | D:2      | Noticed Natasha
  1903 | D:2      | Killed Natasha
  1903 | D:2      | Reached XP level 5. HP: 29/45 MP: 5/5
  2258 | D:3      | Found a glowing drain.
  2264 | Sewer    | Entered a sewer
  2319 | Sewer    | Noticed Purgy
  2445 | Sewer    | Killed Purgy
  2445 | Sewer    | Reached skill level 8 in Axes
  2445 | Sewer    | Reached XP level 6. HP: 19/51 MP: 6/6
  2798 | D:3      | Found a stormy altar of Qazlal.
  2838 | D:3      | Reached skill level 9 in Axes
  3041 | D:3      | Noticed a fire elemental
  3042 | D:3      | Noticed an air elemental
  3042 | D:3      | Noticed a water elemental
  3763 | D:4      | Found Ginkaycs's Distillery.
  3766 | D:4      | Bought a potion of heal wounds for 70 gold pieces
  3826 | D:4      | Noticed a moth of wrath
  3829 | D:4      | Found a bloodstained altar of Trog.
  4077 | D:4      | Reached XP level 7. HP: 31/58 MP: 7/7
  4091 | D:4      | Succumbed to a gnoll's poison

Levels and vault maps discovered:
D:1:      dpeg_arrival_chambers_temple_mockup, layout_loops_ring
D:2:      layout_basic, elyvilon_altar_4, lemuel_crystal_altar,
          lemuel_doored_altar, marbit_many_paths,
          chequers_ecumenical_altar_island, first_ration, uniq_natasha
D:3:      layout_loops_cross, nicolae_qazlal_style_of_elements,
          gup_sewer_entry_bubbles
D:4:      layout_basic, tgw_trog, serial_shops, nicolae_shop_crystal,
          nicolae_shop_behind_doors

Skill      XL: |  1  2  3  4  5  6 |
---------------+-------------------+-----
Axes           | 5 6 7 8 9 |  9.8
Fighting       | |  3.8
Armour         | |  0.6
Dodging        | |  2.5
Stealth        | |  1.5

Action                   |  1- 3 |  4- 6 |  7- 9 || total
-------------------------+-------+-------+-------++-------
Melee: Hand axe          |   154 |   292 |       ||   446
       War axe           |       |    20 |    10 ||    30
Throw: Stone             |       |     3 |     1 ||     4
       Dart              |       |     3 |     1 ||     4
  Use: Potion            |       |     7 |     1 ||     8
       Scroll            |       |     6 |       ||     6
 Stab: Sleeping          |     5 |       |       ||     5
       Invisible         |       |       |     2 ||     2
  Eat: Chunk             |     2 |     9 |       ||    11
Armor: Robe              |    18 |       |       ||    18
       Ring mail         |    20 |    17 |       ||    37
       Scale mail        |       |   132 |     4 ||   136
Dodge: Dodged            |   113 |   210 |     5 ||   328

Table legend:
 A = Non-vault XP
 B = Vault XP
 C = Vault XP percentage of total XP
 D = Non-vault monster count
 E = Vault monster count
 F = Vault count percentage of total count
                 A         B        C        D         E       F
            +---------+---------+-------+---------+---------+-------
      Total |     414 |     219 |  34.6 |      86 |      18 |  17.3
            +---------+---------+-------+---------+---------+-------
        D:1 |      48 |       0 |   0.0 |      29 |       0 |   0.0
        D:2 |      93 |      37 |  28.5 |      10 |       2 |  16.7
        D:3 |     149 |      17 |  10.2 |      36 |       5 |  12.2
        D:4 |     124 |      18 |  12.7 |      11 |       5 |  31.2
      Sewer |       0 |     147 | 100.0 |       0 |       6 | 100.0
            +---------+---------+-------+---------+---------+-------
